Map: Heavy Artillery LE

Players

qqq

  • Race: Zerg Zerg
  • Spawn Location: 7:00

Massa

  • Race: Terran Terran
  • League: Platinum
  • Spawn Location: 7:00

Coldkeeper

  • Race: Zerg Zerg
  • League: Diamond
  • Spawn Location: 3:00

Talyn

  • Race: Protoss Protoss
  • League: Platinum
  • Spawn Location: 1:00

VOD

Have the link to the VOD?

Description

Time

  • Played on: Nov. 9, 2020, 2:40 p.m.
  • Length: 14:43
Show
View Real Time Build Order
Export as new Build Order

qqq Zerg 

Build Orders: Hatch First 

Get SALT Encoding   

  12  0:01  Drone  
  13  0:08  Drone  
  14  0:36  Hatchery  
  14  0:42  Drone  
  14  0:57  Spawning Pool  
  13  1:55  Hatchery  
  13  2:00  Zergling x2  
  13  2:01  Hatchery  
  13  2:02  Queen  
  13  2:07  Extractor  
  13  2:11  Zergling x2  
  14  2:18  Overlord  
  14  2:37  Drone x3  
  17  3:02  Drone  
  17  3:03  Zergling x2  
  19  3:09  Drone  
  19  3:10  Queen  
  21  3:18  Drone  
  22  3:22  Drone  
  22  3:25  Drone x2  
  25  3:34  Spine Crawler  
  24  3:42  Spine Crawler  
  24  3:46  Drone  
  24  3:57  Lair  
  24  4:00  Drone  
  25  4:04  Drone  
  25  4:07  Drone  
  26  4:21  Zergling x6  
  26  4:22  Drone  
  26  4:23  Drone  
  29  4:35  Drone  
  29  4:36  Zergling x6  
  33  4:42  Extractor  
  33  4:44  Drone  
  30  5:06  Spire  
  28  5:10  Spine Crawler  
  28  5:13  Spine Crawler  
  26  5:14  Drone x2  
  26  5:16  Drone, Spine Crawler  
  28  5:24  Overlord  
  28  5:32  Overlord  
  28  5:52  Drone x4  
  32  6:03  Queen, Spore Crawler  
  33  6:08  Spore Crawler  
  33  6:09  Drone  
  33  6:12  Drone  
  33  6:15  Drone  
  35  6:21  Mutalisk  
  37  6:28  Mutalisk  
  37  6:31  Drone  
  37  6:32  Drone  
  41  6:36  Mutalisk  
  43  6:46  Overlord  
  43  6:48  Drone  
  44  7:04  Mutalisk  
  46  7:08  Drone, Mutalisk  
  46  7:10  Mutalisk, Overlord  
  51  7:17  Drone  
  52  7:24  Overlord  
  52  7:25  Overlord  
  52  7:27  Mutalisk  
  53  7:32  Mutalisk  
  53  7:35  Drone x3  
  58  7:38  Spore Crawler  
  58  7:40  Overlord  
  57  7:55  Zerg Flyer Weapons Level 1  
  57  7:59  Drone  
  57  8:01  Drone  
  57  8:05  Hatchery  
  58  8:06  Mutalisk  
  60  8:24  Overlord x2  
  60  8:25  Overlord  
  51  8:34  Mutalisk  
  53  8:44  Drone  
  54  8:50  Drone x3  
  54  8:52  Extractor x2, Queen  
  57  8:55  Mutalisk  
  59  9:04  Hatchery  
  59  9:07  Infestation Pit, Overlord  
  59  9:08  Drone  
  58  9:31  Mutalisk  
  58  9:34  Drone x2  
  58  9:35  Drone  
  63  9:52  Mutalisk x2  
  67  9:53  Drone  
  67  9:56  Hatchery  
  67  9:59  Hatchery  
  66  10:03  Mutalisk  
  66  10:04  Overlord  
  66  10:05  Drone, Overlord  
  69  10:14  Drone x3  
  69  10:15  Queen  
  69  10:18  Mutalisk  
  69  10:20  Mutalisk  
  78  10:22  Drone  
  79  10:32  Drone x5  
  79  10:34  Drone  
  85  10:37  Mutalisk  
  87  10:49  Hive  
  87  10:50  Drone x2  
  87  10:51  Drone  
  90  11:10  Queen, Spore Crawler  
  91  11:12  Drone x6  
  91  11:13  Drone  
  98  11:21  Zerg Flyer Armor Level 1  
  98  11:22  Mutalisk x3  
  98  11:24  Drone  
  106  11:25  Drone  
  106  11:31  Spore Crawler  
  105  11:37  Spore Crawler  
  104  11:40  Spore Crawler  
  104  11:44  Spore Crawler x2  
  98  11:51  Mutalisk x3  
  104  12:15  Mutalisk x2  
  98  12:17  Drone x7  
  98  12:18  Drone x5  
  104  12:24  Extractor  
  98  12:32  Drone  
  98  12:34  Spore Crawler  
  98  12:37  Spore Crawler  
  93  12:47  Extractor x2  
  93  12:48  Spore Crawler  
  93  12:49  Extractor, Spore Crawler  
  93  12:50  Spore Crawler  
  85  12:51  Spore Crawler  
  85  12:52  Spore Crawler  
  85  12:54  Mutalisk x2  
  85  12:56  Viper  
  90  12:58  Drone x2  
  90  12:59  Drone x7  
  90  13:00  Drone x2  
  99  13:10  Extractor, Spore Crawler  
  99  13:11  Drone  
  98  13:24  Spore Crawler  
  97  13:27  Hatchery  
  97  13:28  Drone x2  
  97  13:30  Viper  
  97  13:31  Mutalisk x2  
  105  13:38  Drone  
  105  13:39  Drone x3  
  105  13:40  Drone x4  
  113  13:47  Extractor  
  112  13:53  Drone x4  
  112  13:54  Drone x3  
  119  13:56  Viper x2  
  119  14:02  Drone x2  
Show
View Real Time Build Order
Export as new Build Order

Massa Terran 

Build Orders:  

Get SALT Encoding   

  12  0:00  SCV  
  13  0:13  SCV  
  14  0:25  SCV, Supply Depot  
  15  0:38  Refinery  
  15  0:47  SCV  
  15  0:48  Barracks  
  16  0:59  SCV  
  18  1:11  SCV  
  18  1:23  SCV  
  19  1:41  Orbital Command  
  19  1:47  Factory  
  19  1:50  Refinery  
  19  1:58  Reaper  
  20  2:11  SCV  
  21  2:23  SCV  
  22  2:34  Supply Depot  
  22  2:37  Reaper  
  23  2:48  Factory Tech Lab  
  22  2:54  SCV, Supply Depot  
  23  3:03  Barracks  
  23  3:09  Reaper  
  23  3:41  Reaper, Siege Tank  
  26  3:45  Engineering Bay  
  27  3:48  Supply Depot  
  27  3:58  Command Center  
  27  4:02  Marine  
  26  4:20  Marine  
  26  4:27  Siege Tank  
  29  4:34  Barracks  
  29  4:38  Barracks, Marine  
  29  4:42  Starport  
  29  4:44  Missile Turret  
  30  4:56  Marine  
  31  5:06  Missile Turret  
  31  5:14  Marine  
  32  5:27  Barracks Reactor, Barracks Tech Lab  
  29  5:28  Siege Tank  
  29  5:30  Starport Tech Lab  
  29  5:31  Marine  
  33  5:42  Marine  
  33  5:49  Marine  
  35  6:01  Cyclone  
  38  6:06  Missile Turret  
  38  6:14  Mag-Field Accelerator  
  38  6:16  Medivac  
  39  6:55  Marine x3  
  39  6:56  Marine x2  
  39  6:58  Cyclone  
  39  7:01  Viking  
  49  7:08  Missile Turret  
  49  7:11  Orbital Command  
  49  7:12  SCV  
  50  7:22  Barracks Tech Lab  
  50  7:31  Viking  
  52  7:46  Marauder  
  52  7:47  Stimpack  
  54  7:59  Supply Depot x2  
  54  8:01  Combat Shield  
  54  8:20  SCV x2, Marine x4  
  54  8:21  Cyclone, Marauder  
  54  8:24  Supply Depot  
  54  8:26  Supply Depot  
  65  8:32  SCV x2  
  67  8:38  Marine x2  
  69  8:45  SCV  
  66  9:02  Medivac  
  68  9:04  Marine x4  
  68  9:05  Marine  
  76  9:17  Cyclone  
  76  9:22  Marine x5  
  81  9:32  Medivac  
  77  9:40  Marine x4  
  77  9:41  Marauder  
  81  9:48  SCV x2  
  81  9:49  Cyclone  
  86  9:56  Terran Infantry Weapons Level 1  
  86  10:07  Supply Depot  
  86  10:12  Supply Depot  
  86  10:28  Cyclone, Marine  
  86  10:29  Marauder x2  
  86  10:33  SCV x2, Marine x2  
  98  10:37  Command Center, Medivac  
  100  10:45  SCV x2  
  100  10:47  Missile Turret  
  100  10:49  Supply Depot  
  102  10:51  Supply Depot  
  102  10:54  Supply Depot  
  102  11:11  SCV, Marauder, Marine x4  
  105  11:12  Cyclone  
  105  11:14  Missile Turret  
  105  11:17  Missile Turret x2  
  105  11:18  SCV  
  113  11:23  SCV  
  114  11:29  Marine x3  
  114  11:30  SCV  
  118  11:35  SCV  
  119  11:45  Viking  
  121  12:00  Starport  
  121  12:04  Starport, SCV x2  
  121  12:05  Orbital Command  
  123  12:15  Viking  
  125  12:16  SCV x2  
  127  12:28  SCV x2  
  129  12:44  Viking  
  129  12:46  Viking x2  
  135  13:06  Concussive Shells  
  135  13:11  SCV x3  
  138  13:14  Viking  
  140  13:21  Starport  
  140  13:23  SCV  
  140  13:26  Refinery x2  
  141  13:27  Supply Depot x2  
  141  13:28  Supply Depot  
  141  13:30  Supply Depot  
  141  13:34  Refinery x2  
  141  13:38  Starport Reactor  
  141  13:40  Starport Reactor  
  141  13:48  Viking  
  141  13:49  SCV x3  
  141  13:55  Supply Depot  
  146  14:01  SCV x3  
  147  14:24  Marine x5  
Show
View Real Time Build Order
Export as new Build Order

Coldkeeper Zerg 

Build Orders: Pool First, Muta Ling Bane 

Get SALT Encoding   

  12  0:01  Drone  
  13  0:14  Drone  
  13  0:19  Overlord  
  14  0:38  Drone  
  14  0:39  Drone x2  
  17  0:45  Spawning Pool  
  16  1:08  Hatchery  
  15  1:12  Extractor, Drone  
  15  1:15  Drone  
  16  1:19  Drone  
  17  1:33  Zergling x2  
  17  1:34  Queen  
  21  1:54  Drone x2  
  22  2:16  Overlord  
  22  2:19  Queen  
  24  2:23  Zergling x6  
  27  2:37  Queen  
  28  2:44  Metabolic Boost  
  28  3:01  Lair  
  28  3:08  Hatchery  
  25  3:28  Zergling x2  
  25  3:29  Zergling x16  
  33  3:43  Baneling Nest  
  33  3:46  Queen  
  34  3:57  Drone x2  
  34  3:59  Overlord  
  36  4:06  Extractor  
  31  4:25  Zergling x6  
  31  4:26  Drone x4  
  31  4:27  Drone  
  38  4:38  Drone  
  38  4:39  Hydralisk Den  
  36  5:08  Drone x3  
  36  5:09  Drone x3  
  37  5:29  Drone x4  
  37  5:30  Drone x5  
  37  5:31  Spire  
  45  5:54  Drone x2  
  45  5:55  Drone x3  
  50  5:58  Overlord x3  
  50  6:14  Centrifical Hooks, Spore Crawler  
  50  6:15  Spine Crawler  
  48  6:32  Zergling x4  
  50  6:36  Pneumatized Carapace  
  50  6:39  Drone x3  
  53  6:47  Drone x2  
  53  6:48  Drone x6  
  53  6:49  Drone x2  
  53  6:50  Drone x5  
  68  7:06  Hatchery  
  67  7:12  Muscular Augments  
  67  7:17  Lurker Den  
  67  7:19  Extractor  
  67  7:20  Extractor  
  62  7:36  Extractor x2  
  60  7:45  Spore Crawler  
  60  7:46  Spore Crawler  
  58  7:53  Spore Crawler  
  58  7:55  Spore Crawler  
  58  7:56  Extractor  
  58  7:57  Extractor  
  54  8:37  Zergling x2  
  54  8:38  Zergling x22  
  66  8:41  Overlord x4  
  66  8:42  Overlord  
  66  8:59  Queen  
  68  9:11  Overseer  
  68  9:12  Drone  
  68  9:13  Drone x2  
  70  9:38  Mutalisk  
  70  9:39  Mutalisk x9  
  70  9:44  Queen  
  81  9:56  Spore Crawler  
  81  9:57  Hatchery  
  79  10:04  Spore Crawler  
  78  10:22  Spine Crawler, Mutalisk x2  
  78  10:23  Mutalisk x3  
  87  10:48  Grooved Spines  
  87  11:25  Drone x2  
  89  11:29  Drone x5  
  89  11:31  Drone x5  
  89  11:32  Drone x5  
  104  11:33  Overlord  
  104  11:34  Overlord x6  
  104  11:35  Overlord x2  
  104  11:41  Zerg Flyer Armor Level 1  
  72  12:20  Mutalisk x12  
  90  12:25  Zergling x16  
  88  12:55  Mutalisk  
  88  12:56  Mutalisk x4  
  94  13:02  Zergling x22  
  94  13:03  Zergling x6  
  107  13:12  Drone  
  107  13:13  Drone x4  
  107  13:17  Hatchery  
  110  13:23  Hatchery  
  110  13:24  Queen  
  110  13:26  Drone x3  
  110  13:27  Drone x3  
  115  13:29  Baneling x4  
  115  13:30  Baneling x5  
  115  13:31  Baneling  
  115  13:54  Baneling  
  115  13:55  Baneling x12  
Show
View Real Time Build Order
Export as new Build Order

Talyn Protoss 

Build Orders: Carriers 

Get SALT Encoding   

  12  0:10  Pylon  
  12  0:28  Forge  
  12  0:44  Gateway  
  12  1:05  Pylon  
  12  1:18  Probe  
  12  1:25  Photon Cannon  
  13  1:28  Photon Cannon  
  13  1:42  Probe  
  14  1:48  Pylon  
  14  1:54  Probe  
  15  1:57  Assimilator  
  15  2:00  Assimilator  
  15  2:06  Probe  
  16  2:09  Pylon  
  16  2:18  Probe  
  17  2:27  Photon Cannon  
  17  2:30  Probe  
  17  2:36  Pylon  
  18  2:45  Probe  
  19  2:58  Probe  
  20  3:03  Photon Cannon  
  20  3:10  Probe  
  21  3:16  Cybernetics Core  
  21  3:39  Probe  
  22  3:52  Nexus  
  22  4:06  Probe  
  22  4:08  Stargate  
  23  4:19  Probe  
  24  4:27  Pylon  
  24  4:29  Assimilator  
  24  4:31  Probe  
  25  4:41  Assimilator  
  25  4:43  Void Ray (Chrono Boost)  
  25  4:48  Probe  
  25  4:50  Photon Cannon  
  30  5:03  Stargate  
  30  5:10  Pylon  
  30  5:12  Probe  
  30  5:13  Probe  
  32  5:21  Void Ray (Chrono Boost)  
  32  5:24  Probe  
  32  5:25  Probe  
  38  5:36  Probe  
  38  5:37  Probe  
  40  5:42  Gateway  
  40  5:49  Probe x2  
  42  5:51  Void Ray (Chrono Boost)  
  42  6:01  Probe  
  48  6:12  Void Ray (Chrono Boost)  
  51  6:21  Void Ray (Chrono Boost)  
  51  6:24  Probe  
  52  6:28  Probe  
  57  6:36  Probe  
  58  6:40  Probe  
  58  6:42  Void Ray (Chrono Boost)  
  59  6:47  Stargate  
  63  6:55  Void Ray (Chrono Boost)  
  63  7:03  Probe  
  63  7:05  Probe  
  70  7:15  Probe  
  70  7:17  Probe, Fleet Beacon  
  71  7:32  Void Ray  
  75  7:46  Shield Battery  
  75  7:48  Pylon  
  75  7:59  Pylon  
  75  8:03  Pylon  
  75  8:15  Void Ray  
  75  8:16  Void Ray  
  75  8:17  Probe x2  
  85  8:44  Nexus  
  85  8:48  Pylon  
  85  8:50  Pylon  
  85  8:54  Assimilator  
  85  8:55  Void Ray (Chrono Boost)  
  85  8:58  Assimilator  
  85  9:01  Void Ray (Chrono Boost)  
  85  9:04  Pylon  
  85  9:07  Void Ray (Chrono Boost), Pylon  
  90  9:25  Void Ray (Chrono Boost)  
  94  9:37  Stargate  
  94  9:39  Stargate  
  94  9:41  Flux Vanes  
  94  9:45  Probe  
  95  9:53  Probe  
  95  9:58  Probe  
  97  10:00  Shield Battery  
  97  10:03  Probe, Photon Cannon  
  97  10:04  Photon Cannon  
  98  10:09  Pylon  
  110  10:20  Carrier (Chrono Boost)  
  110  10:21  Carrier (Chrono Boost)  
  110  10:33  Carrier (Chrono Boost)  
  116  10:58  Probe x3  
  119  11:10  Probe  
  126  11:19  Carrier (Chrono Boost)  
  126  11:20  Carrier (Chrono Boost)  
  126  11:24  Probe x3  
  135  11:36  Probe  
  136  11:42  Nexus  
  136  11:47  Pylon  
  136  11:50  Assimilator  
  136  11:54  Assimilator  
  136  11:58  Pylon  
  136  12:00  Pylon  
  136  12:01  Pylon  
  136  12:07  Carrier (Chrono Boost)  
  136  12:08  Carrier (Chrono Boost)  
  124  12:55  Carrier x3 (Chrono Boost)  
  142  13:00  Pylon  
  142  13:02  Pylon  
  142  13:04  Probe  
  142  13:05  Shield Battery  
  143  13:12  Probe, Carrier (Chrono Boost)  
  150  13:30  Carrier (Chrono Boost)  
  161  13:52  Shield Battery  
Tags
 
Add a new tag
Caveats
  • Supply blocks, unpowered buildings, or Contaminate may cause inaccurate times.
  • Supply counts are checked every 10 seconds.